 Dungeon Crawl Stone Soup version 0.17-a0-1092-gc664a5b (webtiles) character file.

499 Mortvert the Insei (level 6, -11/51 HPs)
             Began as a Draconian Transmuter on May 20, 2015.
             Was an Initiate of Nemelex Xobeh.
             Mangled by an ogre
             ... wielding a +0 giant club
              (22 damage)
             ... on level 5 of the Dungeon.
             The game lasted 00:32:32 (5316 turns).

Mortvert the Insei (Draconian Transmuter)           Turns: 5316, Time: 00:32:32

Health: -11/51     AC:  6    Str: 13    XL:     6   Next: 94%
Magic:  4/9        EV: 10    Int: 19    God:    Nemelex Xobeh [......]
Gold:   240        SH:  0    Dex: 13    Spells: 4 memorised, 1 level left

rFire  x . .     SeeInvis .       - Unarmed
rCold  + . .     Clarity  .     (armour unavailable)
rNeg   . . .     SustAb   .     (no shield)
rPois  .         Gourm    .     (helmet restricted)
rElec  .         Spirit   .     (no cloak)
rCorr  .         Warding  .     (no gloves)
rMut   +         Stasis   .     (no boots)
MR     .....                    o - amulet of resist mutation
Stlth  +.........               y - ring of the Thirteen Nights {Ice Int+6}
                                k - +2 ring of evasion

@: very slightly contaminated, not resistant to hostile enchantments, very
unstealthy
A: unfitting armour, cold-blooded, AC +6
a: Renounce Religion


You were on level 5 of the Dungeon.
You worshipped Nemelex Xobeh.
Nemelex Xobeh was noncommittal.
You were not hungry.

You visited 1 branch of the dungeon, and saw 5 of its levels.

You collected 240 gold pieces.

Inventory:

Hand weapons
 f - a +0 dagger
 s - a +0 club
Missiles
 a - 64 arrows
 g - 44 poisoned needles (quivered)
Armour
 j - a +0 robe
Jewellery
 k - a +2 ring of evasion (left hand)
 o - an amulet of resist mutation (around neck)
 y - the ring of the Thirteen Nights (right hand) {Ice Int+6}
   (You found it on level 4 of the Dungeon)

   [ring of ice]

   It enhances your ice magic, and weakens your fire magic.
   It affects your intelligence (+6).
   It makes you vulnerable to fire.
   It protects you from cold.
 F - an uncursed ring of see invisible {unknown}
Magical devices
 e - a wand of paralysis (1)
 m - a wand of paralysis (6)
 r - a wand of slowing (7)
 u - a wand of polymorph (5)
Scrolls
 l - a scroll of random uselessness
 v - a scroll of blinking {unknown}
 A - a scroll of magic mapping
 E - a scroll of remove curse {unknown}
 G - a scroll of enchant weapon {unknown}
Potions
 c - a potion of poison
 h - a potion of cure mutation {unknown}
 i - 2 potions of haste {unknown}
 n - 2 potions of curing
 q - a potion of mutation {unknown}
 t - a potion of brilliance {unknown}
 z - 2 potions of heal wounds {unknown}
 B - a potion of lignification {unknown}
 C - a potion of berserk rage {unknown}
 D - a potion of flight {unknown}
Books
 b - a book of Changes

   Spells                             Type                      Level
   a - Beastly Appendage              Transmutation                1
   b - Sticks to Snakes               Transmutation                2
   c - Spider Form                    Transmutation/Poison         3
   d - Ice Form                       Ice/Transmutation            4
   e - Blade Hands                    Transmutation                5
 H - a book of Minor Magic

   Spells                             Type                      Level
   a - Magic Dart                     Conjuration                  1
   b - Blink                          Translocation                2
   c - Call Imp                       Summoning                    2
   d - Repel Missiles                 Charms/Air                   2
   e - Slow                           Hexes                        2
   f - Conjure Flame                  Conjuration/Fire             3
   g - Mephitic Cloud                 Conjuration/Poison/Air       3
Miscellaneous
 p - a plain deck of escape {drawn: 1}
Comestibles
 d - 2 meat rations
 w - 2 beef jerkies
 x - 2 bread rations


   Skills:
 + Level 3.2 Fighting
   Level 0.2 Staves
 + Level 3.8 Dodging
 - Level 0.6 Stealth
 + Level 4.6 Unarmed Combat
 - Level 2.2 Spellcasting
 + Level 3.4 Transmutations
 * Level 2.0 Evocations


You had one spell level left.
You knew the following spells:

 Your Spells              Type           Power        Failure   Level  Hunger
a - Beastly Appendage     Trmt           ###...       4%          1    #......
b - Sticks to Snakes      Trmt           ###.......   8%          2    ##.....
c - Spider Form           Trmt/Pois      #.........   28%         3    ###....
d - Repel Missiles        Chrm/Air       #.....       24%         2    ##.....


Dungeon Overview and Level Annotations

Branches:
Dungeon (5/15)
 Temple: D:4-7

Altars:
Cheibriados
Dithmenos
Nemelex Xobeh
Yredelemnul


Innate Abilities, Weirdness & Mutations

Your plain brown scales are hard (AC +6).
Your body does not fit into most forms of armour.
You are cold-blooded and may be slowed by cold attacks.


Message History

You turn into a venomous arachnid creature.
The ogre closely misses you.
You bite the ogre!
The ogre is poisoned.
The ogre is moderately wounded.
You hit the ogre.
The ogre is moderately wounded.
The ogre hits you with a giant club!!
Ouch! That really hurt!
You hit the ogre.
The ogre is heavily wounded.
Your transformation is almost over.
The ogre misses you. The ogre hits you with a giant club!
* * * LOW HITPOINT WARNING * * *
You see here a scroll of immolation.
There is a stone staircase leading up here.
Your transformation has ended.
The ogre hits you with a giant club!!
You die...
Your body disappears without a glow.

...............## #.#.......[# #
.....#.......#..####.#.####...###
.......................# #......
.......##........##...## #.#####
..........##..........# #.###.)
.......#..###.#..#....# ###.##..#
.......##.....##.)....# #.......#
...............O?....####.###...#
......#######..#@.<.............#
..##.## ###....(.##.......###...#
.#.>.# #...#.........##### #...#
...### #..###.......### #...#
..## ....# #........# ##.##
..##..### #.....<#.#### ### #.##.
#......#....#
...#########......#....####
....##...........####.....####


You could see an ogre.

Vanquished Creatures
  A killer bee (D:4)
  A crimson imp (D:5)
  A jelly (D:4)
  2 orc priests
  Ijyb (D:4)
  A hound (D:4)
  An orc wizard (D:3)
  A worker ant (D:4)
  Jessica (D:3)
  A hound skeleton (D:4)
  Robin (D:2)
  3 adders
  A gnoll (D:3)
  2 oozes
  A giant gecko (D:3)
  16 orcs
  2 ball pythons (D:1)
  8 bats
  4 giant cockroaches
  27 goblins
  10 hobgoblins
  5 jackals
  6 kobolds
  3 quokkas
  3 giant newts
  5 rats
108 creatures vanquished.

Vanquished Creatures (others)
  The ghost of aves the Chopper, an average VSFi (D:3)
  A giant cockroach (D:3)
2 creatures vanquished.

Grand Total: 110 creatures vanquished

Notes
Turn   | Place    | Note
--------------------------------------------------------------
     0 | D:1      | Mortvert the Draconian Transmuter began the quest for the Orb.
     0 | D:1      | Reached XP level 1. HP: 16/16 MP: 3/3
   768 | D:1      | Reached XP level 2. HP: 23/23 MP: 5/5
   773 | D:1      | Learned a level 2 spell: Sticks to Snakes
  1618 | D:2      | Reached XP level 3. HP: 28/28 MP: 6/6
  1712 | D:2      | Noticed Robin
  1736 | D:2      | Killed Robin
  1775 | D:2      | You fall through a shaft!
  1781 | D:3      | Killed aves's ghost
  1875 | D:3      | Reached XP level 4. HP: 31/35 MP: 7/7
  1976 | D:3      | Found a snail-covered altar of Cheibriados.
  2107 | D:3      | Noticed Jessica
  2122 | D:3      | Killed Jessica
  2122 | D:3      | Reached skill level 4 in Unarmed Combat
  2521 | D:3      | Reached XP level 5. HP: 36/41 MP: 6/8
  2627 | D:2      | HP: 2/41 [poisoned by an orc]
  2635 | D:2      | HP: 1/41 [poisoned by an orc]
  3240 | D:3      | Learned a level 3 spell: Spider Form
  3317 | D:3      | Found a sparkling altar of Nemelex Xobeh.
  3371 | D:3      | Became a worshipper of Nemelex Xobeh the Trickster
  3835 | D:4      | Found a basalt altar of Yredelemnul.
  3857 | D:4      | Got a pitted iron ring
  4006 | D:4      | Identified the ring of the Thirteen Nights {Ice Int+6} (You found it on level 4 of the Dungeon)
  4077 | D:4      | Reached XP level 6. HP: 46/50 MP: 9/9
  4486 | D:4      | Received a gift from Nemelex Xobeh
  4510 | D:4      | Reached skill level 1 in Evocations
  4619 | D:4      | Noticed Ijyb
  4640 | D:4      | Killed Ijyb
  4921 | D:5      | Entered Level 5 of the Dungeon
  5006 | D:5      | Found a shadowy altar of Dithmenos.
  5161 | D:5      | Found a snail-covered altar of Cheibriados.
  5243 | D:5      | Learned a level 2 spell: Repel Missiles
  5316 | D:5      | Mangled by an ogre

Vault maps used:
D:1:      sevenhm_arrival_forest_fort_small_6
D:2:      hangedman_decor_growths, uniq_robin
D:3:      nemelex_altar_shiori, cheibriados_altar_wand_db, uniq_jessica
D:4:      kennysheep_goblin_castle, yredelemnul_altar_generic, first_bread
D:5:      lemuel_round_altar, lemuel_doored_altar

Action                   |  1- 3 |  4- 6 || total
-------------------------+-------+-------++-------
Melee: Unarmed           |   121 |   255 ||   376
       Quarterstaff      |     9 |    18 ||    27
 Cast: Beastly Appendage |     3 |     5 ||     8
       Spider Form       |       |    12 ||    12
Evoke: Wand              |       |     1 ||     1
       Deck              |       |     1 ||     1
  Use: Scroll            |       |     7 ||     7
       Potion            |       |     1 ||     1
 Stab: Paralysed         |       |     5 ||     5
       Sleeping          |       |     1 ||     1
  Eat: Pizza             |     1 |       ||     1
       Chunk             |     1 |       ||     1
       Bread ration      |     1 |     1 ||     2
       Meat ration       |       |     1 ||     1
